AoeStats
← [GG] Shevchenko 7

Lombardia

509455057Analyzed
4v4 RM · 6d ago on Sep 26, 2026· 52m 28s· 8 players
Game mode
Random Map
Map size
Large (8 player)
Population
200
Speed
Normal
Resources
Standard
Victory
Conquest
Starting age
Dark Age
Ending age
Imperial Age
RankedLock teamsTeams togetherTeam positionsShared explorationLock speedFull tech treeHidden civsTurbo modeCheats
Victory
Defeat
🇨🇴 Varangians · Colombia
1009
+15
🇨🇳 Mongols · China
997
+15
🇹🇷 Italians · Türkiye
956
+17
🇩🇪 Cumans · Germany
949
+17
1037
-19
🇧🇷 Japanese · Brazil
1008
-17
🇧🇷 Teutons · Brazil
961
-15
🇧🇷 Franks · Brazil
896
-13
luismjchan
10:34 Feudal Age
11:53 Horse Collar
15:24 Forging
16:39 Scale Barding Armor
21:35 Castle Age
20:38 Loom
21:19 Double-Bit Axe
23:02 Bloodlines
27:46 Husbandry
29:00 Iron Casting
31:14 Chain Barding Armor
31:03 Town Watch
33:13 Heavy Plow
33:54 Wheelbarrow
33:25 Gambesons
34:09 Gold Mining
36:20 Fletching
40:18 Imperial Age
38:35 Scale Mail Armor
39:19 Squires
40:12 Bow Saw
40:26 Scale Mail Armor
42:08 Conscription
43:48 Chain Mail Armor
42:56 Elite Varangian Guard
46:09 Blast Furnace
47:01 Plate Mail Armor
46:41 Arson
48:58 Hand Cart
48:13 Gothikon
49:37 Padded Archer Armor
53:24 Two-Man Saw
53:40 Chemistry
Cherokee
13:01 Feudal Age
13:36 Loom
13:48 Double-Bit Axe
13:46 Horse Collar
18:27 Castle Age
20:27 Bow Saw
20:49 Heavy Plow
23:35 Loom
25:59 Fletching
31:36 Wheelbarrow
33:16 Hand Cart
33:00 Gold Mining
36:35 Imperial Age
35:46 Ballistics
35:25 Bodkin Arrow
35:31 Padded Archer Armor
35:45 Stone Mining
37:26 Stone Shaft Mining
37:11 Leather Archer Armor
37:23 Bracer
37:33 Thumb Ring
37:01 Elite Genoese Crossbowman
38:03 Conscription
38:10 Silk Road
39:00 Chemistry
38:27 Town Watch
39:20 Ring Archer Armor
38:50 Scale Mail Armor
39:01 Forging
39:25 Silk Road
39:22 Murder Holes
40:43 Hoardings
40:32 Caravan
41:22 Chain Mail Armor
43:00 Two-Man Saw
42:32 Crop Rotation
43:01 Iron Casting
42:56 Plate Mail Armor
43:59 Town Patrol
46:04 Arson
46:20 Squires
47:37 Blast Furnace
Walls vs Zombies 2009
5:28 Loom
10:32 Feudal Age
11:01 Double-Bit Axe
11:15 Horse Collar
15:32 Wheelbarrow
21:13 Castle Age
20:38 Fletching
22:41 Hand Cart
22:45 Bow Saw
23:07 Heavy Plow
25:00 Town Watch
26:28 Bodkin Arrow
31:57 Imperial Age
29:31 Gold Mining
29:32 Stone Mining
29:44 Padded Archer Armor
30:01 Bloodlines
31:21 Leather Archer Armor
33:52 Two-Man Saw
33:23 Crop Rotation
33:30 Gold Shaft Mining
33:54 Ring Archer Armor
33:37 Thumb Ring
33:58 Parthian Tactics
33:57 Conscription
35:03 Chemistry
35:08 Steppe Husbandry
35:17 Elite Kipchak
35:37 Cavalier
36:50 Ballistics
37:12 Coinage
36:39 Light Cavalry
36:39 Paladin
37:45 Scale Mail Armor
37:55 Forging
37:07 Pikeman
37:47 Squires
38:05 Cuman Mercenaries
38:40 Hoardings
38:57 Masonry
39:03 Chain Mail Armor
38:09 Halberdier
39:56 Scale Barding Armor
40:26 Iron Casting
41:40 Banking
42:26 Chain Barding Armor
42:37 Plate Mail Armor
43:01 Guilds
42:52 Caravan
46:23 Plate Barding Armor
46:48 Blast Furnace
49:35 Hussar
50:44 Murder Holes
90_Archer
10:41 Feudal Age
12:45 Loom
15:46 Castle Age
13:50 Double-Bit Axe
13:50 Horse Collar
22:49 Wheelbarrow
22:59 Fervor
23:53 Heavy Plow
28:47 Gold Mining
29:33 Bow Saw
31:29 Herbal Medicine
31:25 Town Watch
31:55 Hand Cart
32:52 Fletching
33:41 Nomads
37:12 Imperial Age
39:07 Padded Archer Armor
42:33 Bodkin Arrow
45:42 Conscription
45:49 Husbandry
46:13 Caravan
46:44 Coinage
46:52 Bloodlines
47:09 Elite Steppe Lancer
48:12 Town Patrol
51:39 Gold Shaft Mining
50:54 Stone Mining
52:04 Banking
51:00 Elite Mangudai
52:15 Hoardings
52:26 Stone Shaft Mining
52:06 Scale Barding Armor
52:12 Forging
[GG] Raúl González Blanco
9:54 Feudal Age
15:54 Castle Age
16:50 Horse Collar
23:15 Town Watch
23:17 Loom
25:04 Heavy Plow
26:13 Double-Bit Axe
28:14 Forging
27:53 Crossbowman
29:53 Kamandaran
31:00 Town Patrol
32:20 Wheelbarrow
31:40 Fletching
33:10 Iron Casting
32:36 Scale Mail Armor
32:32 Bodkin Arrow
32:48 Thumb Ring
33:06 Pikeman
34:59 Padded Archer Armor
35:39 Chain Mail Armor
35:51 Caravan
37:59 Hand Cart
38:22 Leather Archer Armor
41:12 Imperial Age
39:02 Bow Saw
39:00 Scale Barding Armor
40:22 Bloodlines
40:13 Husbandry
42:46 Ring Archer Armor
42:37 Chain Barding Armor
41:55 Cavalier
44:17 Blast Furnace
45:07 Savar
51:17 Halberdier
51:57 Squires
[GG] Ibrahimovic
5:56 Loom
10:34 Feudal Age
18:53 Forging
18:49 Scale Barding Armor
18:57 Padded Archer Armor
22:37 Castle Age
23:45 Wheelbarrow
24:02 Iron Casting
23:56 Husbandry
27:43 Caravan
28:20 Chain Barding Armor
27:29 Light Cavalry
28:21 Town Watch
30:21 Double-Bit Axe
36:23 Hand Cart
42:10 Elite Skirmisher
47:13 Town Patrol
51:00 Imperial Age
51:38 Leather Archer Armor
51:33 Cavalier
[GG] Trezeguet
10:55 Feudal Age
10:28 Loom
11:40 Horse Collar
11:49 Double-Bit Axe
15:40 Gold Mining
21:00 Castle Age
19:19 Stone Mining
20:07 Bloodlines
20:19 Scale Mail Armor
21:28 Wheelbarrow
22:27 Bow Saw
22:57 Gold Shaft Mining
22:29 Heavy Plow
28:32 Chain Mail Armor
28:28 Forging
30:35 Hand Cart
34:42 Imperial Age
33:50 Iron Casting
37:45 Blast Furnace
37:16 Plate Mail Armor
43:24 Elite Skirmisher
43:55 Fletching
44:06 Padded Archer Armor
44:47 Bodkin Arrow
46:06 Ballistics
46:47 Chemistry
45:58 Masonry
45:44 Murder Holes
[GG] Shevchenko 7
7:07 Loom
11:50 Feudal Age
13:59 Scale Barding Armor
14:07 Forging
15:32 Bloodlines
22:53 Castle Age
29:57 Double-Bit Axe
29:54 Horse Collar
30:43 Gold Mining
32:13 Scale Mail Armor
32:49 Iron Casting
36:42 Imperial Age
34:16 Squires
35:37 Wheelbarrow
35:12 Pikeman
38:41 Hand Cart
41:39 Halberdier
44:28 Chain Barding Armor
45:09 Blast Furnace
51:35 Elite Skirmisher
Connection lost

Rejoining the realm…

Still unreachable

The connection could not be restored.

Session expired

The server has moved on; the page needs a fresh start.